 Dungeon Crawl Stone Soup version v3.01-hellcrawl-74-g7a863a7 (webtiles) character file.

55 LessRight the Chiller (level 4, -7/33 HPs)
             Began as a Demigod Ice Elementalist on Apr 14, 2017.
             Mangled by an ogre
             ... wielding a +0 giant club
              (18 damage)
             ... on level 4 of the Dungeon on Apr 15, 2017.
             The game lasted 00:15:49 (3243 turns).

LessRight the Chiller (Demigod Ice Elementalist)    Turns: 3243, Time: 00:15:50

Health: -7/33      AC:  2 (0%)Str: 11   XL:     4   Next: 60%
Magic:  7/9        EV: 12    Int: 21    God:
Gold:   231        SH:  0    Dex: 16    Spells: 3/7 levels left

rFire    . . .     SeeInvis .   n - +0 hunting sling
rCold    + . .     Faith    .   (no shield)
rNeg     . . .     Spirit   .   a - +0 robe
rPois    .         Reflect  .   (no helmet)
rElec    .                      (no cloak)
rCorr    .                      (no gloves)
MR       .....                  (no boots)
Stlth    ++........             o - amulet of magic regeneration
Regen    0.2/turn               l - ring of ice
MPRegen  0.5/turn               (no ring)

@: very slightly contaminated
A: high mp 1
a: no special abilities


You were on level 4 of the Dungeon.
You were not hungry.

You visited 1 branch of the dungeon, and saw 4 of its levels.

You collected 231 gold pieces.

Inventory:

Hand Weapons
 b - a +0 whip
 n - a +0 hunting sling (weapon)
 s - a +2 whip of pain
Missiles
 c - 1221 stones (quivered)
 e - 352 arrows
 g - 204 sling bullets
Armour
 a - a +0 robe (worn)
 d - a +0 ring mail
Jewellery
 l - a ring of ice (left hand)
 o - an amulet of magic regeneration (around neck)
 u - a +3 amulet of reflection
Scrolls
 h - 5 scrolls of teleportation
 j - a scroll of enchant armour
 k - a scroll of fear
 q - a scroll of blinking
 v - a scroll of enchant weapon
Potions
 f - a potion of haste
 i - 2 potions of might
 m - a potion of resistance
 p - 2 potions of heal wounds
 r - a potion of ambrosia
 t - a potion of flight
 w - a potion of agility


   Skills:
 - Level 1.7 Dodging
 - Level 1.7 Stealth
 - Level 2.0 Spellcasting
 - Level 0.8 Conjurations
 + Level 1.6 Charms
 - Level 4.5 Ice Magic


You had 3 spell levels left.
You knew the following spells:

 Your Spells              Type           Power        Failure   Level  Hunger
a - Freeze                Ice            25 (25)      1%          1    #......
b - Ozocubu's Armour      Chrm/Ice       22 (100)     14%         3    ###....


Dungeon Overview and Level Annotations

Branches:
Dungeon (4/15)


Innate Abilities, Weirdness & Mutations

You have an increased reservoir of magic. (+10% MP)


Message History

The ogre hits you with a +0 giant club (11)!
Casting: Freeze
Confirm with . or Enter, or press ? or * to list all spells.
Aiming: Freeze
Press: ? - help, Shift-Dir - straight line, f/p - ogre
Aim: an ogre, wielding a +0 giant club (moderately wounded)
You feel a surge of power!
You freeze the ogre (8).
The ogre is heavily wounded.
The ogre hits you with a +0 giant club (3).
Casting: Freeze
Confirm with . or Enter, or press ? or * to list all spells.
Aiming: Freeze
Press: ? - help, Shift-Dir - straight line, f/p - ogre
Aim: an ogre, wielding a +0 giant club (heavily wounded)
You feel a surge of power!
You freeze the ogre (8).
The ogre is almost dead.
Your icy armour evaporates.
The ogre hits you with a +0 giant club (18)!!
Ouch! That really hurt!
You die...

#......#.####.
#........# ##
#.......## #
######.....)..#
#.............#
#.######..........
#.# #.......###
#.# #......## #@#
......# #O# .....
#.. .... 8..8
....# ##..## ....
#..#


You could see an ogre.

Vanquished Creatures
  Terence (D:2)
  4 adders
  An ooze (D:2)
  3 dart slugs
  An orc (D:4)
  2 quokkas
  A ball python (D:3)
  3 giant cockroaches
  5 goblins
  6 hobgoblins
  6 bats
  5 frilled lizards
  12 kobolds
  6 rats
56 creatures vanquished.

Notes
Turn   | Place    | Note
-------+----------+-------------------------------------------
     0 | D:1      | LessRight the Demigod Ice Elementalist began the quest for the Orb.
     0 | D:1      | Reached XP level 1. HP: 14/14 MP: 5/5
   188 | D:1      | Reached skill level 3 in Ice Magic
   337 | D:1      | Reached XP level 2. HP: 17/20 MP: 5/7
  1478 | D:2      | Found a shimmering altar of Xom.
  1479 | D:2      | Found a viscous altar of Jiyva.
  1481 | D:2      | Found a shimmering altar of Xom.
  1481 | D:2      | Found a shimmering altar of Xom.
  1481 | D:2      | Found a faded altar of an unknown god.
  1481 | D:2      | Found a deep blue altar of Sif Muna.
  1484 | D:2      | Noticed Terence
  1484 | D:2      | Found a shimmering altar of Xom.
  1484 | D:2      | Found a shimmering altar of Xom.
  1485 | D:2      | Found a shimmering altar of Xom.
  1494 | D:2      | Killed Terence
  1494 | D:2      | Reached skill level 4 in Ice Magic
  1494 | D:2      | Reached XP level 3. HP: 17/26 MP: 2/8
  1611 | D:2      | Found a hide-covered altar of Uskayaw.
  1802 | D:2      | Learned a level 3 spell: Ozocubu's Armour
  2095 | D:2      | Reached XP level 4. HP: 14/33 MP: 3/9
  2688 | D:3      | Found a hazy altar of Hepliaklqana.
  2889 | D:3      | Reached skill level 1 in Charms
  3234 | D:4      | Noticed an ogre
  3243 | D:4      | Mangled by an ogre

Skill      XL: |  1  2  3  4 |
---------------+-------------+-----
Ice Magic      | 3 4 |  4.5
Spellcasting   | 2 |  2.0
Charms         | 1 |  1.6
Dodging        | |  1.7
Stealth        | |  1.7
Conjurations   | |  0.8

Action                   |  1- 3 |  4- 6 || total
-------------------------+-------+-------++-------
Melee: Whip              |     9 |     3 ||    12
 Fire: Hunting sling     |       |     3 ||     3
 Cast: Freeze            |    65 |    29 ||    94
       Ozocubu's Armour  |       |     2 ||     2
 Stab: Sleeping          |     2 |     1 ||     3
Armor: Robe              |     8 |     3 ||    11
Dodge: Dodged            |    35 |    14 ||    49
